 Dungeon Crawl Stone Soup version 0.25-a0-426-g7d9e569eea (webtiles) character file.

Game seed: 1079226388690845181, levelgen mode: deterministic

157 kae the Changer (level 5, -13/40 HPs)
             Began as a Draconian Transmuter on Jan 24, 2020.
             Mangled by an orc
             ... wielding a +3 hand axe of electrocution
              (16 damage)
             ... on level 2 of the Dungeon.
             The game lasted 00:02:10 (2206 turns).

kae the Changer (Draconian Transmuter)              Turns: 2206, Time: 00:02:11

Health: -13/40     AC:  2    Str: 12    XL:     5   Next: 15%
Magic:  3/9        EV: 19    Int: 14    God:
Gold:   163        SH:  0    Dex: 17    Spells: 4/10 levels left

rFire    . . .     SeeInvis .     - Unarmed
rCold    + . .     Gourm    .   (shield currently unavailable)
rNeg     . . .     Faith    .   (armour unavailable)
rPois    x         Spirit   .   (helmet currently unavailable)
rElec    .         Reflect  .   (cloak currently unavailable)
rCorr    .         Harm     .   (gloves currently unavailable)
MR       .....                  (boots currently unavailable)
Stlth    ++........             (no amulet)
HPRegen  0.13/turn              k - ring of protection from cold
MPRegen  0.11/turn              (no ring)

@: spider-form (expiring), very slightly contaminated
A: tiny, unfitting armour, AC +5
a: End Transformation


You were on level 2 of the Dungeon.
You were very hungry.
You were a venomous arachnid creature.
You visited 1 branch of the dungeon, and saw 4 of its levels.

You collected 163 gold pieces.

Inventory:

Hand Weapons
 f - a +0 short sword (melded)
Missiles
 a - 64 arrows
Jewellery
 k - a ring of protection from cold (left front leg)
Scrolls
 d - a scroll of blinking
Potions
 h - a potion of berserk rage
 i - a potion of degeneration {unknown}
 j - a potion of might {unknown}
 l - a potion of invisibility {unknown}
Comestibles
 c - 5 rations


   Skills:
 - Level 1.1 Fighting
 - Level 1.7 Dodging
 - Level 3.0 Unarmed Combat
 - Level 3.0 Spellcasting
 + Level 4.8 Transmutations


You had 4 spell levels left.
You knew the following spells:

 Your Spells              Type           Power        Failure   Level  Hunger
a - Beastly Appendage     Tmut           ###...       11%         1    #......
b - Sticks to Snakes      Tmut           ###.....     14%         2    ##.....
c - Spider Form           Tmut/Pois      #.........   45%         3    ###....

Your spell library contained the following spells:

 Spells                   Type           Power        Failure   Level  Hunger
 Ice Form                 Ice/Tmut       #.......     82%         4    #####..
 Blade Hands              Tmut           ###.......   82%         5    ######.


Dungeon Overview and Level Annotations

Branches:
Dungeon (4/15)
 Temple: D:4-7

Altars:
Ashenzari


Innate Abilities, Weirdness & Mutations

((Your plain brown scales are hard. (AC +5)))
You cannot fit into any form of body armour.
((You are cold-blooded and may be slowed by cold attacks.))


Message History

You closely miss the orc. The orc barely misses you.
Casting: Spider Form (safe; 24% risk of failure)
Confirm with . or Enter, or press ? or * to list all spells.
You miscast Spider Form.
You are very lightly contaminated with residual magic.
You feel weak for a moment.
The orc hits you with a +3 hand axe of electrocution.
* * * LOW HITPOINT WARNING * * *
You closely miss the orc.
You tail-slap the orc, but do no damage.
The orc barely misses you.
Casting: Spider Form (safe; 24% risk of failure)
Confirm with . or Enter, or press ? or * to list all spells.
You turn into a venomous arachnid creature.
Your +0 short sword melds into your body.
You are feeling very hungry.
The orc hits you with a +3 hand axe of electrocution.
* * * LOW HITPOINT WARNING * * *
You are electrocuted!
You die...

##########
##########......o.#
................s.#
..########........#
..## #........#
...# #........#
...# #........#
...# ##########
...# ...# .#.#


You could see an orc.

Vanquished Creatures
  A centaur (D:3)
  3 adders (D:2)
  An adder skeleton (D:4)
  A dart slug (D:1)
  3 orcs (D:3)
  5 bats
  2 giant cockroaches (D:1)
  5 goblins
  3 hobgoblins
  8 kobolds
  3 frilled lizards
  5 rats
40 creatures vanquished.

Notes
Turn   | Place    | Note
-------+----------+-------------------------------------------
     0 | D:1      | kae the Draconian Transmuter began the quest for the Orb.
     0 | D:1      | Reached XP level 1. HP: 16/16 MP: 3/3
   388 | D:1      | Reached XP level 2. HP: 23/23 MP: 3/5
   957 | D:2      | Reached XP level 3. HP: 13/28 MP: 7/7
  1247 | D:2      | Reached skill level 3 in Transmutations
  1329 | D:2      | You fall into a shaft and drop 2 floors!
  1450 | D:3      | Found a shattered altar of Ashenzari.
  1699 | D:2      | Found a faded altar of an unknown god.
  1773 | D:2      | Reached XP level 4. HP: 34/35 MP: 6/8
  1917 | D:3      | Noticed a centaur
  1932 | D:3      | Killed a centaur
  1932 | D:3      | Reached skill level 4 in Transmutations
  1932 | D:3      | Reached XP level 5. HP: 13/40 MP: 9/9
  2165 | D:2      | Learned a level 2 spell: Sticks to Snakes
  2169 | D:2      | Learned a level 3 spell: Spider Form
  2206 | D:2      | Mangled by an orc

Levels and vault maps discovered:
D:1:      roderic_crossed_star, layout_basic
D:2:      layout_basic, chequers_ecumenical_altar_simple
D:3:      layout_basic, lemuel_doored_altar, kennysheep_crisscross, uniq_terence
D:4:      layout_loops_ring, nemelex_spade_bored_becter, uniq_blork_the_orc,
          uniq_sigmund

Skill      XL: |  1  2  3  4 |
---------------+-------------+-----
Transmutations | 3 4 |  4.8
Spellcasting   | 3 |  3.0
Fighting       | |  1.1
Dodging        | |  1.7
Unarmed Combat | |  3.0

Action                   |  1- 3 |  4- 6 || total
-------------------------+-------+-------++-------
Melee: Unarmed           |    47 |    12 ||    59
       Tailslap          |    19 |     4 ||    23
       Punch             |     3 |       ||     3
       Short sword       |    98 |    24 ||   122
       Kick              |     8 |     3 ||    11
       Headbutt          |     2 |       ||     2
 Cast: Beastly Appendage |    19 |     1 ||    20
       Spider Form       |       |     2 ||     2
  Use: Scroll            |     5 |       ||     5
       Potion            |       |     4 ||     4
  Eat: Chunk             |     3 |     1 ||     4
Armor: Skin              |    46 |     2 ||    48
Dodge: Dodged            |   102 |    23 ||   125

Table legend:
 A = Non-vault XP
 B = Vault XP
 C = Vault XP percentage of total XP
 D = Non-vault monster count
 E = Vault monster count
 F = Vault count percentage of total count
                 A         B        C        D         E       F
            +---------+---------+-------+---------+---------+-------
      Total |     225 |       0 |   0.0 |      40 |       0 |   0.0
            +---------+---------+-------+---------+---------+-------
        D:1 |      33 |       0 |   0.0 |      17 |       0 |   0.0
        D:2 |      57 |       0 |   0.0 |      15 |       0 |   0.0
        D:3 |     130 |       0 |   0.0 |       7 |       0 |   0.0
        D:4 |       5 |       0 |   0.0 |       1 |       0 |   0.0
            +---------+---------+-------+---------+---------+-------
